Map: Entombed Valley

Players

pta - Winner!

  • Race: Zerg Zerg
  • Spawn Location: 1:00

Kewl - Winner!

  • Race: Protoss Protoss
  • Spawn Location: 5:00

A.I. 2 (Very Hard)

  • Race: Terran Terran
  • Spawn Location: 7:00

A.I. 3 (Very Hard)

  • Race: Protoss Protoss
  • Spawn Location: 11:00

VOD

Have the link to the VOD?

Description

Time

  • Played on: May 1, 2019, 6:19 p.m.
  • Length: 19:43
Show
View Real Time Build Order
Export as new Build Order

pta Zerg - Winner!

Build Orders: Pool First 

Get SALT Encoding   

  12  0:02  Drone  
  13  0:26  Spawning Pool  
  12  1:04  Hatchery  
  12  1:07  Extractor  
  12  1:08  Drone x3  
  12  1:10  Extractor  
  12  1:20  Drone  
  13  1:35  Drone  
  14  1:46  Overlord  
  14  2:03  Queen  
  14  2:06  Drone x2  
  18  2:18  Drone  
  19  2:35  Drone  
  19  2:36  Roach Warren  
  19  2:37  Overlord  
  19  2:40  Drone  
  20  2:51  Lair  
  20  2:58  Evolution Chamber  
  19  3:00  Drone  
  19  3:02  Drone  
  21  3:16  Drone x3  
  24  3:25  Overlord  
  24  3:26  Overlord  
  24  3:33  Drone x3  
  27  3:45  Drone x2  
  29  4:02  Spine Crawler  
  28  4:04  Spine Crawler  
  28  4:06  Spine Crawler x2  
  25  4:14  Drone  
  25  4:15  Spine Crawler  
  25  4:22  Drone x2  
  27  4:25  Extractor  
  26  4:32  Zerg Ground Armor Level 1  
  26  4:37  Drone  
  27  4:47  Drone  
  27  4:48  Drone  
  27  4:49  Hydralisk Den  
  28  5:04  Roach x2  
  28  5:05  Roach x2  
  36  5:09  Roach  
  40  5:14  Roach  
  40  5:19  Drone  
  41  5:22  Overlord  
  41  5:26  Grooved Spines  
  41  5:32  Drone  
  42  5:58  Infestation Pit  
  42  6:00  Drone x6  
  47  6:06  Extractor  
  47  6:07  Roach x2  
  47  6:08  Roach  
  52  6:25  Spire  
  51  6:30  Queen  
  53  6:33  Drone  
  53  6:34  Drone  
  53  6:39  Hydralisk  
  57  6:40  Hydralisk  
  57  6:41  Overlord  
  59  6:58  Drone  
  60  7:04  Drone x2  
  62  7:12  Hydralisk x2  
  66  7:17  Overlord x2  
  66  7:30  Hive  
  66  7:38  Hydralisk x2  
  66  7:39  Hydralisk x3  
  66  7:40  Hydralisk  
  78  7:44  Hydralisk  
  80  8:16  Queen  
  82  8:26  Zerg Ground Armor Level 2  
  82  8:29  Hatchery  
  81  8:34  Mutalisk  
  81  8:38  Overlord x2  
  81  8:39  Overlord x2  
  83  8:43  Greater Spire  
  83  8:50  Evolution Chamber  
  83  8:52  Evolution Chamber  
  83  8:55  Glial Reconstitution  
  81  9:01  Muscular Augments  
  81  9:06  Mutalisk  
  81  9:07  Mutalisk  
  85  9:26  Lurker Den  
  85  9:27  Drone x2  
  85  9:28  Drone x3  
  89  9:34  Drone x2  
  91  9:43  Zerg Missile Weapons Level 1  
  91  9:45  Zerg Melee Weapons Level 1  
  91  9:50  Drone  
  92  10:08  Extractor  
  92  10:09  Extractor  
  92  10:10  Drone x2  
  92  10:17  Drone x3  
  92  10:18  Drone  
  92  10:20  Overlord x3  
  96  10:32  Mutalisk x4  
  96  10:33  Mutalisk  
  96  10:35  Mutalisk  
  108  10:43  Zerg Flyer Weapons Level 1  
  108  10:46  Drone  
  108  10:47  Drone  
  110  10:58  Hydralisk x3  
  110  10:59  Hydralisk  
  118  11:21  Zerg Ground Armor Level 3  
  94  11:57  Hydralisk x4  
  94  11:58  Hydralisk x7  
  31  12:40  Corruptor x4  
  31  12:41  Corruptor  
  41  13:24  Brood Lord  
  41  13:25  Brood Lord  
  41  13:26  Brood Lord  
  47  13:38  Drone x4  
  47  13:39  Drone x3  
  47  13:40  Drone  
  55  13:48  Brood Lord  
  57  14:10  Hatchery  
  57  14:15  Extractor, Brood Lord  
  57  14:23  Roach  
  57  14:24  Roach  
  61  14:27  Roach  
  65  14:31  Roach  
  65  14:35  Roach  
  67  14:40  Roach  
  69  15:13  Hydralisk x3  
  69  15:14  Hydralisk x3  
  73  15:16  Hydralisk  
  83  15:22  Hydralisk  
  85  15:45  Hydralisk  
  85  15:46  Hydralisk x2  
  85  15:47  Hydralisk  
  93  15:52  Drone  
  94  16:15  Zerg Missile Weapons Level 2  
  94  16:18  Hydralisk x3  
  100  16:51  Hydralisk x2  
  100  16:52  Hydralisk  
  96  17:25  Hydralisk x3  
  96  17:26  Hydralisk  
  94  17:53  Zergling x10  
  94  17:54  Zergling x8  
  103  17:59  Drone  
  103  18:01  Drone  
  99  18:06  Drone  
  99  18:10  Drone  
  99  19:32  Extractor  
Show
View Real Time Build Order
Export as new Build Order

Kewl Protoss - Winner!

Build Orders:  

Get SALT Encoding   

  1  0:00  Probe  
  13  0:07  Probe  
  14  0:17  Probe  
  15  0:29  Pylon  
  15  0:49  Probe  
  16  1:00  Forge  
  16  1:01  Probe  
  17  1:04  Gateway  
  17  1:13  Pylon  
  17  1:18  Pylon  
  17  1:25  Probe  
  18  1:38  Nexus  
  18  1:48  Photon Cannon  
  18  1:54  Zealot  
  20  2:01  Assimilator  
  20  2:07  Assimilator  
  20  2:16  Photon Cannon  
  20  2:24  Photon Cannon  
  20  2:29  Zealot  
  22  2:31  Probe  
  23  2:39  Probe  
  24  2:49  Probe  
  24  2:56  Zealot  
  24  2:57  Probe  
  28  3:06  Probe  
  28  3:09  Photon Cannon  
  29  3:18  Probe  
  30  3:23  Zealot  
  32  3:30  Cybernetics Core  
  32  3:31  Probe  
  32  3:32  Probe  
  34  3:43  Probe  
  34  3:44  Probe  
  34  3:47  Photon Cannon  
  36  3:51  Zealot, Probe  
  39  3:56  Probe  
  39  3:59  Probe  
  40  4:07  Photon Cannon  
  40  4:09  Probe  
  41  4:15  Twilight Council  
  42  4:19  Pylon  
  42  4:21  Probe  
  42  4:22  Zealot  
  45  4:29  Photon Cannon  
  45  4:33  Probe  
  45  4:36  Photon Cannon  
  46  4:45  Protoss Shields Level 1  
  46  4:48  Probe  
  46  4:49  Zealot  
  49  4:56  Probe  
  49  4:58  Charge  
  49  5:04  Probe  
  51  5:15  Probe  
  51  5:16  Zealot, Photon Cannon  
  54  5:22  Photon Cannon  
  54  5:27  Probe  
  55  5:37  Pylon  
  55  5:39  Probe  
  55  5:40  Probe  
  57  5:43  Zealot  
  59  5:51  Probe  
  59  5:54  Stargate  
  60  5:58  Pylon  
  60  6:02  Photon Cannon x2  
  60  6:03  Probe  
  61  6:07  Photon Cannon  
  61  6:12  Photon Cannon  
  61  6:16  Probe  
  61  6:18  Photon Cannon  
  62  6:20  Photon Cannon x2  
  62  6:24  Photon Cannon  
  62  6:27  Zealot  
  64  6:37  Assimilator x2  
  64  6:41  Photon Cannon  
  64  6:50  Protoss Shields Level 2  
  64  6:54  Zealot, Fleet Beacon  
  66  7:03  Stargate  
  66  7:13  Stargate  
  66  7:19  Nexus  
  66  7:24  Photon Cannon  
  66  7:28  Photon Cannon  
  66  7:34  Assimilator  
  66  7:35  Probe  
  66  7:36  Assimilator  
  66  7:43  Probe  
  67  7:44  Stargate  
  67  7:50  Photon Cannon  
  68  7:58  Tempest  
  73  8:02  Probe  
  73  8:09  Protoss Air Weapons Level 1  
  73  8:10  Probe  
  74  8:16  Photon Cannon  
  75  8:20  Zealot  
  75  8:25  Pylon  
  77  8:28  Pylon  
  77  8:31  Pylon  
  77  8:33  Tempest  
  82  8:35  Probe  
  83  8:43  Probe  
  83  8:47  Zealot, Pylon  
  86  8:53  Probe  
  86  8:58  Pylon  
  86  9:00  Pylon  
  87  9:04  Tempest  
  87  9:05  Probe  
  93  9:14  Zealot  
  95  9:17  Probe  
  95  9:21  Tempest  
  101  9:30  Probe  
  102  9:32  Protoss Ground Weapons Level 1  
  102  9:38  Probe  
  102  9:40  Forge  
  103  9:46  Probe  
  103  9:47  Photon Cannon  
  104  9:53  Zealot  
  104  9:55  Photon Cannon  
  104  9:56  Probe  
  107  10:00  Tempest  
  107  10:04  Pylon  
  112  10:07  Pylon, Protoss Air Armor Level 1  
  112  10:08  Probe  
  113  10:20  Zealot, Probe  
  116  10:23  Tempest  
  121  10:28  Photon Cannon  
  121  10:32  Probe  
  122  10:36  Tempest  
  127  10:46  Pylon  
  127  10:48  Probe  
  127  10:49  Pylon  
  127  10:56  Probe, Tempest  
  134  11:06  Probe  
  134  11:09  Cybernetics Core  
  134  11:10  Tempest  
  140  11:18  Probe  
  141  11:24  Tempest  
  146  11:30  Probe  
  146  11:32  Zealot  
  149  11:38  Protoss Shields Level 3, Pylon  
  149  11:41  Protoss Ground Armor Level 1  
  149  11:42  Probe, Pylon  
  150  11:54  Probe  
  151  12:06  Probe  
  120  12:19  Protoss Air Weapons Level 2  
  120  12:21  Tempest x2  
  120  12:22  Tempest x2  
  140  12:23  Zealot  
  140  12:28  Probe  
  140  12:29  Pylon  
  141  12:51  Zealot  
  143  13:09  Tempest  
  143  13:10  Tempest x3  
  163  13:18  Zealot  
  160  13:32  Protoss Air Armor Level 2  
  158  13:45  Zealot  
  160  13:52  Protoss Ground Weapons Level 2  
  160  13:55  Tempest x2  
  160  13:56  Tempest x2  
  180  14:07  Pylon  
  180  14:12  Zealot  
  182  14:23  Protoss Ground Armor Level 2  
  182  14:29  Pylon  
  182  14:39  Zealot  
  182  14:41  Tempest x2  
  182  14:42  Tempest  
  199  14:48  Tempest  
  184  15:51  Nexus  
  184  15:53  Protoss Air Weapons Level 3  
  184  15:54  Photon Cannon  
  184  15:57  Photon Cannon x2  
  184  16:01  Photon Cannon x2  
  184  16:04  Photon Cannon  
  184  16:07  Assimilator  
  184  16:09  Tempest x2  
  184  16:10  Tempest  
  184  16:11  Assimilator  
  199  16:35  Protoss Air Armor Level 3  
  199  16:37  Protoss Ground Weapons Level 3  
  199  19:20  Probe  
Show
View Real Time Build Order
Export as new Build Order

A.I. 2 (Very Hard) Terran 

Build Orders:  

Get SALT Encoding   

  12  0:01  SCV  
  13  0:13  SCV  
  14  0:19  Supply Depot  
  14  0:25  SCV  
  15  0:40  SCV  
  16  0:43  Barracks  
  16  0:52  SCV  
  17  1:04  SCV  
  18  1:17  SCV, Supply Depot  
  19  1:21  Refinery  
  19  1:29  SCV  
  19  1:30  Marine  
  21  1:41  SCV  
  22  1:48  Marine  
  22  1:50  Refinery  
  22  1:53  SCV  
  24  2:05  SCV  
  24  2:06  Marine  
  26  2:17  SCV  
  26  2:21  Factory  
  27  2:24  Marine  
  27  2:29  SCV  
  29  2:39  Factory  
  29  2:41  SCV  
  29  2:42  Marine  
  29  2:43  Supply Depot  
  31  2:55  Orbital Command  
  31  3:04  Marine  
  32  3:06  Factory Tech Lab  
  32  3:20  SCV  
  32  3:22  Factory Tech Lab, Marine  
  34  3:32  SCV  
  35  3:36  Barracks  
  35  3:44  SCV  
  36  3:49  Supply Depot  
  36  3:56  SCV  
  37  4:08  SCV  
  38  4:11  Siege Tank x2  
  38  4:13  Supply Depot  
  44  4:20  SCV  
  45  4:28  Barracks  
  45  4:32  SCV  
  45  4:34  Marine  
  45  4:35  Supply Depot  
  47  4:43  Siege Tank  
  47  4:45  SCV  
  51  4:54  Supply Depot  
  51  4:57  SCV, Marine, Siege Tank  
  51  4:59  Marine  
  55  5:05  Armory  
  55  5:09  SCV  
  56  5:14  Command Center  
  56  5:15  Marine  
  56  5:21  SCV  
  58  5:33  SCV  
  59  5:35  Siege Tank  
  62  5:45  SCV  
  62  5:46  Supply Depot  
  63  5:52  Barracks Tech Lab  
  63  5:57  SCV  
  63  6:04  Marine  
  64  6:07  Marine  
  64  6:09  SCV  
  64  6:10  Supply Depot, Marine  
  68  6:14  Stimpack  
  68  6:21  SCV  
  69  6:26  SCV  
  69  6:28  Marauder  
  69  6:29  Refinery  
  72  6:33  SCV  
  72  6:38  Orbital Command, Refinery  
  73  6:49  Marauder  
  73  6:50  Starport  
  73  6:53  SCV  
  76  7:03  Marine  
  76  7:05  SCV x2  
  79  7:09  Marine  
  79  7:11  Marauder  
  79  7:13  Supply Depot  
  82  7:17  SCV  
  83  7:26  Barracks Tech Lab  
  83  7:29  Fusion Core, Starport Tech Lab  
  83  7:32  Marauder  
  83  7:34  Barracks Reactor, Engineering Bay  
  85  7:42  Engineering Bay  
  85  7:44  Combat Shield, Marauder  
  85  7:49  Supply Depot  
  87  7:54  Marauder  
  89  8:01  Terran Infantry Weapons Level 1, Barracks  
  89  8:04  Missile Turret  
  89  8:06  Missile Turret, Marauder  
  89  8:09  Missile Turret  
  89  8:11  Missile Turret  
  91  8:14  Marine  
  91  8:15  Marine  
  91  8:17  Terran Infantry Armor Level 1  
  91  8:18  Supply Depot  
  91  8:19  Battlecruiser  
  101  8:27  Marauder  
  101  8:31  Command Center  
  101  8:33  Marauder  
  105  8:48  Marauder  
  105  8:53  Supply Depot  
  105  8:54  Marauder  
  109  9:10  Marauder  
  109  9:16  Marauder  
  111  9:19  Supply Depot  
  111  9:24  Battlecruiser  
  119  9:31  Marauder  
  119  9:37  Marauder  
  121  9:44  SCV, Supply Depot  
  121  9:45  SCV  
  123  9:46  SCV  
  126  9:53  Marauder  
  126  9:54  Refinery  
  126  9:56  SCV  
  126  9:57  SCV  
  126  9:58  SCV, Marauder  
  131  10:08  SCV  
  131  10:09  SCV  
  131  10:11  SCV  
  136  10:14  Marauder  
  136  10:20  Marauder, Supply Depot  
  136  10:21  SCV x2  
  139  10:23  SCV  
  139  10:28  Battlecruiser  
  147  10:33  SCV  
  147  10:34  SCV  
  151  10:35  SCV, Marauder  
  151  10:36  Refinery  
  152  10:44  Supply Depot  
  152  10:45  SCV  
  152  10:47  SCV  
  154  10:52  Missile Turret  
  154  10:54  Concussive Shells, Orbital Command  
  154  10:57  Missile Turret  
  154  11:00  SCV  
  154  11:01  Missile Turret  
  155  11:05  Missile Turret  
  155  11:06  SCV  
  155  11:09  Supply Depot  
  156  11:13  Siege Tank  
  159  11:19  Terran Vehicle Weapons Level 1  
  159  11:22  SCV  
  159  11:32  Medivac  
  161  11:33  Supply Depot  
  161  11:46  Marauder x2  
  158  11:48  Marine  
  156  11:54  Marine  
  156  11:56  Supply Depot, Marine  
  157  12:02  Medivac  
  157  12:06  Marine  
  157  12:07  Marauder  
  159  12:15  Liberator  
  159  12:22  Missile Turret  
  159  12:27  Marine  
  159  12:34  Marauder  
  159  12:35  Marauder  
  145  12:41  Marine, Siege Tank  
  145  12:42  Marine  
  133  12:45  Marine  
  121  12:54  Hellion, Command Center  
  121  12:55  Marauder, Marine  
  114  12:59  Factory  
  114  13:02  Marine  
  115  13:13  Widow Mine  
  115  13:14  Marauder  
  115  13:15  Viking, Thor  
  115  13:16  Marauder  
  126  13:34  Siege Tank  
  126  13:35  Marauder  
  126  13:38  Marauder  
  133  13:42  Widow Mine  
  133  13:44  Viking  
  137  13:54  Marine  
  137  13:55  Marine  
  138  13:56  Marauder, Marine  
  138  13:58  Hellion  
  138  13:59  Marauder  
  138  14:02  Missile Turret  
  146  14:04  Hellion  
  146  14:07  SCV x2, Siege Tank  
  146  14:08  SCV  
  146  14:09  SCV  
  155  14:12  Marine  
  155  14:15  Battlecruiser  
  159  14:19  Refinery, Thor  
  159  14:24  Refinery  
  160  14:25  Factory Tech Lab, Marine x2  
  160  14:26  Marine  
  160  14:29  Marine  
  144  14:39  Siege Tank  
  144  14:43  Siege Tank  
  144  14:44  Marauder, Marine x2  
  144  14:45  Marine  
  146  14:47  Marauder  
  123  15:02  Hellion  
  123  15:05  Marauder  
  123  15:06  Marine  
  125  15:08  Marauder  
  125  15:11  Hellion  
  129  15:15  Siege Tank  
  129  15:19  Battlecruiser  
  138  15:23  Thor  
  138  15:27  Marauder  
  146  15:30  Marauder  
  146  15:32  Siege Tank  
  151  15:39  Marine  
  147  15:43  Marine  
  147  15:47  Marine  
  147  15:48  Hellion, Marauder  
  146  15:51  Marauder  
  146  15:56  Armory  
  128  15:57  Marine  
  128  15:58  SCV  
  128  16:00  Marine  
  128  16:01  SCV  
  120  16:05  Hellion, Marine  
  120  16:06  Siege Tank  
  120  16:09  Thor  
  120  16:10  Marauder  
  134  16:12  Marine  
  134  16:14  Missile Turret  
  134  16:15  Marine  
  134  16:16  SCV  
  132  16:21  SCV x2  
  132  16:23  Viking  
  132  16:25  Marine  
  127  16:26  Siege Tank  
  127  16:28  SCV, Marine  
  127  16:30  Missile Turret, Marauder  
  127  16:31  Marauder  
  127  16:32  Marine  
  127  16:33  SCV x2  
  127  16:36  Missile Turret  
  127  16:38  Thor  
  126  16:40  SCV  
  126  16:45  SCV  
  126  16:46  SCV  
  128  16:52  Widow Mine, Marauder x2  
  128  16:53  Battlecruiser  
  140  16:58  Hellion  
  133  17:01  Command Center  
  133  17:02  Command Center  
  133  17:03  Marine  
  131  17:11  Marine x2  
  131  17:13  Marauder, Siege Tank  
  131  17:14  Marauder  
  111  17:19  Hellion  
  111  17:21  Marine, Siege Tank  
  97  17:29  Marine x2  
  92  17:35  Marauder x2  
  94  17:39  Marine  
  94  17:41  Hellion  
  89  17:47  Marine x2  
  86  17:54  Hellion  
  86  17:55  Marine  
  86  17:57  Marauder  
  70  18:03  SCV x2  
  34  18:13  Marine  
  34  18:14  SCV  
  34  18:15  Hellion, SCV x2  
  34  18:26  SCV  
  23  18:41  Command Center x2  
  10  18:52  Barracks  
  5  19:07  SCV  
  4  19:19  SCV  
Show
View Real Time Build Order
Export as new Build Order

A.I. 3 (Very Hard) Protoss 

Build Orders: Blink Stalkers, Zealot Archon 

Get SALT Encoding   

  12  0:01  Probe  
  13  0:13  Probe  
  14  0:21  Pylon  
  14  0:25  Probe  
  15  0:35  Probe  
  16  0:43  Probe  
  16  0:48  Assimilator  
  17  0:50  Gateway  
  17  0:52  Probe  
  18  0:59  Pylon  
  18  1:00  Probe  
  18  1:08  Probe  
  20  1:19  Probe  
  21  1:33  Assimilator  
  21  1:35  Probe  
  22  1:40  Zealot  
  22  1:41  Cybernetics Core  
  24  1:47  Probe  
  25  1:58  Probe  
  26  2:04  Pylon  
  26  2:06  Probe  
  27  2:17  Warp Gate  
  27  2:18  Stalker  
  27  2:21  Twilight Council  
  29  2:26  Gateway  
  29  2:28  Probe  
  30  2:40  Probe  
  31  2:48  Blink, Stalker  
  33  3:01  Gateway  
  28  3:12  Stalker  
  33  3:16  Pylon  
  33  3:19  Stalker  
  37  3:23  Probe  
  38  3:35  Probe  
  39  3:42  Stalker  
  39  3:46  Stalker  
  43  3:49  Stalker  
  45  3:56  Pylon  
  45  4:08  Pylon  
  45  4:20  Zealot  
  45  4:24  Stalker  
  49  4:27  Adept  
  51  4:41  Stalker  
  51  4:44  Templar Archives  
  53  4:58  Nexus  
  49  5:22  High Templar  
  49  5:27  Zealot  
  53  5:40  High Templar  
  55  5:45  Archon  
  55  5:51  Pylon  
  55  6:08  High Templar  
  55  6:09  Zealot  
  59  6:11  Zealot, Probe x2  
  63  6:21  Assimilator  
  63  6:23  Probe, Assimilator  
  63  6:25  Zealot, Probe  
  67  6:35  Zealot, Probe  
  67  6:37  Probe, High Templar  
  73  6:43  Zealot  
  73  6:45  Archon  
  75  6:47  Probe, Pylon  
  75  6:49  Probe  
  77  6:57  High Templar  
  77  7:00  Probe  
  80  7:04  Probe  
  81  7:11  High Templar  
  81  7:12  Probe x2  
  84  7:17  Pylon  
  84  7:20  Sentry  
  84  7:21  Probe  
  87  7:24  Probe  
  87  7:26  Archon  
  87  7:28  Adept  
  91  7:33  Probe  
  91  7:36  Probe  
  93  7:37  Pylon  
  93  7:42  High Templar  
  95  7:45  Probe  
  96  7:52  High Templar  
  96  7:55  Zealot  
  96  7:58  Pylon  
  100  8:05  Robotics Facility  
  100  8:07  Archon  
  100  8:13  Zealot  
  100  8:15  Zealot  
  104  8:21  Pylon  
  104  8:25  Zealot  
  106  8:28  Zealot  
  106  8:32  High Templar  
  110  8:43  Pylon, High Templar  
  110  8:45  Stalker  
  110  8:47  Forge  
  110  8:48  Nexus  
  114  8:51  Pylon  
  114  8:55  Observer  
  115  8:57  Sentry  
  115  8:58  Archon  
  117  9:06  Immortal  
  117  9:08  Stalker  
  119  9:14  Pylon  
  119  9:16  Zealot  
  125  9:20  Zealot  
  127  9:31  Stalker  
  129  9:36  Zealot  
  129  9:37  Stalker  
  129  9:38  Pylon  
  133  9:45  Immortal  
  137  9:53  Stalker  
  137  9:54  Adept  
  137  9:56  Zealot  
  137  9:58  Forge  
  143  10:00  Probe x2  
  143  10:01  Protoss Ground Weapons Level 1  
  143  10:02  Probe  
  146  10:09  Zealot  
  146  10:12  Probe, Pylon  
  146  10:13  Probe x2  
  150  10:16  Zealot  
  150  10:17  Zealot  
  154  10:22  Probe  
  154  10:24  Probe, Sentry  
  154  10:25  Probe  
  159  10:30  Probe  
  159  10:32  Robotics Bay  
  159  10:34  Protoss Ground Armor Level 1  
  160  10:39  Probe  
  160  10:40  Probe  
  160  10:41  Probe  
  160  10:42  Observer, Pylon  
  164  10:51  Probe  
  164  10:53  Warp Prism, Assimilator, Probe  
  164  10:54  Probe  
  167  11:01  Pylon  
  167  11:03  Probe  
  170  11:05  Probe  
  170  11:11  Photon Cannon  
  171  11:12  Pylon  
  171  11:16  Probe  
  171  11:17  Probe x2, Pylon  
  174  11:28  Warp Prism  
  176  11:38  Photon Cannon  
  176  11:40  Archon  
  176  11:42  Photon Cannon  
  176  11:45  Photon Cannon  
  172  11:49  Pylon  
  172  11:51  Zealot  
  160  11:54  Zealot  
  160  11:55  Zealot, Gateway  
  156  12:05  Observer  
  137  12:12  Zealot  
  137  12:14  Zealot  
  131  12:15  Zealot  
  133  12:25  Colossus  
  133  12:26  Stargate  
  133  12:27  Assimilator  
  139  12:31  Zealot  
  139  12:34  Zealot  
  139  12:35  Zealot  
  144  12:45  Adept  
  144  12:49  Sentry  
  144  12:50  Photon Cannon  
  148  12:54  Sentry  
  148  12:55  Zealot, Photon Cannon  
  152  12:59  Photon Cannon  
  152  13:03  Adept  
  154  13:11  Void Ray, Photon Cannon  
  157  13:14  Stalker  
  157  13:17  Stalker  
  157  13:19  Stalker, Colossus  
  155  13:21  Stalker  
  139  13:36  Stalker  
  139  13:38  Zealot  
  139  13:40  Sentry  
  135  13:45  Stalker  
  131  13:52  Stalker  
  131  13:54  Void Ray  
  121  13:55  Zealot  
  121  13:56  Pylon  
  111  14:03  Sentry  
  111  14:08  Zealot  
  101  14:10  Adept  
  101  14:13  Disruptor  
  101  14:14  Zealot  
  101  14:15  Zealot  
  99  14:20  Pylon  
  99  14:22  Probe  
  94  14:25  Zealot  
  94  14:26  Stalker  
  94  14:28  Sentry  
  91  14:35  Stalker  
  86  14:40  Zealot  
  77  14:46  Zealot  
  77  14:49  Immortal  
  77  14:51  Stalker  
  80  14:59  Stalker  
  77  15:05  Stalker x2  
  72  15:14  Stalker  
  66  15:22  Stalker  
  66  15:25  Sentry  
  52  15:38  Zealot  
  36  15:43  Probe  
  33  15:57  Probe  
  21  16:16  Probe  
  14  16:29  Probe  
  14  16:30  High Templar  
  17  16:37  High Templar  
  11  16:41  Probe  
Tags
 
Add a new tag
Caveats
  • Supply blocks, unpowered buildings, or Contaminate may cause inaccurate times.
  • Supply counts are checked every 10 seconds.